General information
- name: (((6 man )))
- type: Custom game
- host: Smug917
- saver: BEAR_AND
map: SavageStorm
- players: 6
- length: 63:37
- speed: Fast
- version: 1.21 W3XP
- replay type:

» download(261 KB)
Players
team 1 (loser)
Smug917 (
yellow | 13 APM | 534 actions | 39:54)
3 Mountain King
2 Storm Bolt
1 Thunder Clap
» actions
| Assign group hotkey | 23 | |
| Build / train | 67 | |
| Enter build submenu | 49 | |
| Enter hero's abilities submenu | 2 | |
| Right click | 76 | |
| Select / deselect | 203 | |
| Select group hotkey | 64 | |
| Use ability | 50 | |
534 total
» units
| Peasant | 10 | |
| Footman | 6 | |
| Rifleman | 8 | |
| Knight | 4 | |
| Dragonhawk Rider | 1 | |
| Gryphon Rider | 4 | |
| Priest | 2 | |
35 total
» buildings
| Altar of Kings | 1 | |
| Farm | 14 | |
| Barracks | 1 | |
| Scout Tower | 28 | |
| Lumber Mill | 1 | |
| Guard Tower | 17 | |
| Blacksmith | 1 | |
| Keep | 1 | |
| Castle | 1 | |
| Workshop | 1 | |
| Cannon Tower | 9 | |
| Gryphon Aviary | 1 | |
| Arcane Vault | 1 | |
| Arcane Sanctum | 1 | |
78 total
» build order
00:36 Altar of Kings
01:09 Farm
01:20 Farm
01:28 Farm
02:16 Barracks
02:32 Scout Tower
03:15 Scout Tower
03:28 Lumber Mill
04:08 Scout Tower
04:16 Scout Tower
04:23 Scout Tower
04:30 Scout Tower
04:35 Guard Tower
04:38 Guard Tower
04:43 Guard Tower
04:54 Guard Tower
05:18 Guard Tower
05:20 Guard Tower
06:16 Blacksmith
06:34 Scout Tower
06:35 Scout Tower
06:38 Scout Tower
06:52 Scout Tower
06:58 Scout Tower
07:09 Scout Tower
07:12 Guard Tower
07:23 Keep
07:28 Guard Tower
07:33 Guard Tower
07:51 Guard Tower
08:04 Farm
08:06 Farm
09:33 Scout Tower
10:28 Guard Tower
13:39 Castle
14:08 Scout Tower
14:15 Farm
14:38 Guard Tower
14:44 Scout Tower
15:01 Scout Tower
15:08 Scout Tower
15:17 Scout Tower
15:57 Farm
16:04 Guard Tower
16:07 Guard Tower
16:10 Guard Tower
16:12 Guard Tower
16:22 Workshop
16:46 Scout Tower
17:20 Cannon Tower
17:34 Scout Tower
17:39 Scout Tower
17:46 Scout Tower
18:07 Farm
18:20 Farm
19:38 Cannon Tower
19:44 Cannon Tower
19:47 Cannon Tower
20:05 Scout Tower
20:33 Farm
21:17 Guard Tower
23:23 Scout Tower
23:55 Scout Tower
23:58 Cannon Tower
24:37 Scout Tower
24:44 Scout Tower
25:04 Scout Tower
25:15 Gryphon Aviary
25:26 Arcane Vault
25:39 Arcane Sanctum
25:50 Cannon Tower
25:58 Cannon Tower
26:00 Cannon Tower
27:57 Farm
28:58 Cannon Tower
30:33 Farm
30:42 Farm
31:25 Farm
team 2 (loser)
l_a_z_z_e_r (
pink | 66 APM | 4204 actions | 63:35)
5 Far Seer
2 Feral Spirit
3 Chain Lighting
5 Shadow Hunter
3 Healing Wave
2 Hex
3 Blademaster
2 Wind Walk
1 Critical Strike
» actions
| Assign group hotkey | 34 | |
| Basic commands | 25 | |
| Build / train | 80 | |
| Enter build submenu | 36 | |
| Enter hero's abilities submenu | 14 | |
| Remove unit from queue | 2 | |
| Right click | 2478 | |
| Select / deselect | 780 | |
| Select group hotkey | 656 | |
| Use ability | 97 | |
4204 total
» units
| Peon | 17 | |
| Grunt | 8 | |
| Raider | 2 | |
| Wind Rider | 11 | |
| Demolisher | 2 | |
| Goblin Shredder | 1 | |
| Goblin Zeppelin | 1 | |
| Polar Furbolg Shaman | 1 | |
| Magnataur Warrior | 1 | |
44 total
» upgrades
| Melee Weapons | 3 | |
| Ensnare | 1 | |
| Berserker Strength | 1 | |
| Ranged Weapons | 3 | |
| Pillage | 1 | |
| Envenomed Spears | 1 | |
| Burning Oil | 1 | |
| Reinforced Defenses | 1 | |
| Armor | 2 | |
| Spiked Barricades | 1 | |
15 total
» buildings
| Altar of Storms | 1 | |
| Orc Burrow | 9 | |
| Barracks | 1 | |
| War Mill | 1 | |
| Stronghold | 1 | |
| Voodoo Lounge | 2 | |
| Beastiary | 2 | |
| Watch Tower | 13 | |
| Fortress | 1 | |
| Great Hall | 2 | |
33 total
» build order
00:21 Altar of Storms
00:37 Orc Burrow
00:52 Barracks
01:10 War Mill
01:53 Orc Burrow
02:22 Orc Burrow
02:42 Orc Burrow
04:17 Stronghold
04:34 Voodoo Lounge
04:38 Voodoo Lounge
06:56 Beastiary
07:00 Orc Burrow
07:13 Watch Tower
07:29 Orc Burrow
08:08 Beastiary
08:12 Orc Burrow
08:22 Orc Burrow
10:47 Orc Burrow
11:34 Fortress
14:24 Fortress
17:45 Great Hall
26:48 Watch Tower
26:55 Watch Tower
26:58 Watch Tower
44:00 Great Hall
53:55 Watch Tower
54:00 Watch Tower
54:03 Watch Tower
54:06 Watch Tower
54:19 Watch Tower
54:22 Watch Tower
54:27 Watch Tower
55:10 Watch Tower
56:08 Watch Tower
team 3 (winner)
BEAR_AND (
blue | 91 APM | 5783 actions | 63:37)
8 Archmage
3 Summon Water Elemental
3 Brilliance Aura
1 Mass Teleport
1 Blizzard
7 Mountain King
3 Storm Bolt
3 Bash
1 Avatar
7 Paladin
3 Holy Light
3 Divine Shield
1 Resurrection
» actions
| Assign group hotkey | 89 | |
| Basic commands | 19 | |
| Build / train | 267 | |
| Enter build submenu | 88 | |
| Enter hero's abilities submenu | 22 | |
| Give item / drop item | 11 | |
| Remove unit from queue | 28 | |
| Right click | 2735 | |
| Select / deselect | 1061 | |
| Select group hotkey | 1015 | |
| Use ability | 446 | |
5783 total
» units
| Peasant | 22 | |
| Footman | 4 | |
| Rifleman | 19 | |
| Priest | 4 | |
| Goblin Shredder | 3 | |
| Flying Machine | 38 | |
| Goblin Zeppelin | 2 | |
| Knight | 8 | |
| Siege Engine | -4 | |
96 total
» upgrades
| Masonry | 3 | |
| Lumber Harvesting | 2 | |
| Long Rifles | 1 | |
| Gunpowder | 3 | |
| Magic Sentry | 1 | |
| Priest Training | 2 | |
| Sorceress Training | 1 | |
| Control Magic | 1 | |
| Flak Cannons | 1 | |
| Plating | 3 | |
| Flying Machine Bombs | 1 | |
| Animal War Training | 1 | |
| Swords | 3 | |
| Backpack | 1 | |
| Barrage | 0 | |
| Armor | 1 | |
25 total
» buildings
| Altar of Kings | 2 | |
| Barracks | 1 | |
| Farm | 12 | |
| Lumber Mill | 3 | |
| Scout Tower | 152 | |
| Guard Tower | 73 | |
| Arcane Vault | 2 | |
| Keep | 1 | |
| Blacksmith | 1 | |
| Castle | 1 | |
| Town Hall | 10 | |
| Arcane Sanctum | 1 | |
| Workshop | 2 | |
261 total
» build order
00:08 Altar of Kings
00:23 Barracks
00:37 Altar of Kings
00:40 Farm
01:36 Farm
01:43 Lumber Mill
01:59 Farm
02:27 Scout Tower
02:29 Scout Tower
02:59 Scout Tower
03:00 Scout Tower
03:09 Guard Tower
03:36 Guard Tower
03:38 Arcane Vault
03:51 Keep
04:01 Guard Tower
04:30 Scout Tower
04:30 Scout Tower
04:32 Scout Tower
04:32 Scout Tower
04:43 Farm
04:44 Farm
04:46 Scout Tower
04:47 Scout Tower
04:48 Scout Tower
04:49 Scout Tower
04:50 Scout Tower
05:04 Guard Tower
05:09 Scout Tower
05:10 Scout Tower
05:11 Scout Tower
05:13 Scout Tower
05:40 Guard Tower
06:08 Guard Tower
06:08 Guard Tower
06:10 Guard Tower
06:22 Guard Tower
07:38 Guard Tower
07:38 Guard Tower
07:44 Blacksmith
08:11 Castle
08:12 Guard Tower
08:32 Guard Tower
08:42 Guard Tower
08:43 Farm
08:44 Farm
10:25 Town Hall
10:30 Scout Tower
10:31 Scout Tower
10:31 Scout Tower
10:32 Scout Tower
10:32 Scout Tower
10:33 Scout Tower
11:31 Guard Tower
11:32 Guard Tower
11:32 Guard Tower
13:23 Arcane Sanctum
15:45 Scout Tower
15:46 Scout Tower
15:46 Scout Tower
15:46 Scout Tower
15:47 Scout Tower
15:47 Scout Tower
15:48 Scout Tower
15:48 Scout Tower
15:49 Scout Tower
15:49 Scout Tower
16:12 Guard Tower
16:22 Scout Tower
16:23 Scout Tower
16:25 Scout Tower
16:26 Scout Tower
16:28 Scout Tower
16:28 Scout Tower
16:29 Scout Tower
16:31 Scout Tower
16:31 Scout Tower
16:32 Scout Tower
16:33 Scout Tower
16:42 Guard Tower
16:42 Guard Tower
17:13 Town Hall
17:18 Scout Tower
17:18 Scout Tower
17:19 Scout Tower
17:19 Scout Tower
17:20 Scout Tower
17:21 Scout Tower
17:21 Scout Tower
17:22 Scout Tower
17:23 Scout Tower
17:24 Scout Tower
17:30 Guard Tower
17:30 Guard Tower
18:41 Guard Tower
18:44 Guard Tower
18:54 Farm
18:55 Farm
18:58 Guard Tower
18:58 Guard Tower
18:58 Guard Tower
18:58 Guard Tower
19:02 Scout Tower
19:03 Scout Tower
19:04 Scout Tower
19:04 Guard Tower
19:19 Guard Tower
19:26 Guard Tower
19:52 Guard Tower
20:04 Guard Tower
20:08 Guard Tower
20:09 Guard Tower
20:09 Guard Tower
20:12 Guard Tower
20:24 Farm
20:32 Guard Tower
20:36 Guard Tower
20:36 Guard Tower
21:23 Town Hall
21:28 Scout Tower
21:31 Scout Tower
21:32 Scout Tower
21:32 Scout Tower
21:33 Scout Tower
21:34 Scout Tower
21:42 Workshop
22:23 Guard Tower
22:52 Scout Tower
22:53 Scout Tower
22:54 Scout Tower
22:55 Scout Tower
25:21 Workshop
25:44 Scout Tower
25:44 Scout Tower
25:45 Scout Tower
25:46 Scout Tower
25:50 Guard Tower
25:55 Guard Tower
26:06 Lumber Mill
26:34 Guard Tower
26:36 Guard Tower
26:39 Lumber Mill
27:25 Town Hall
28:01 Farm
28:32 Guard Tower
29:02 Guard Tower
29:08 Scout Tower
29:08 Scout Tower
29:09 Scout Tower
29:09 Scout Tower
29:10 Scout Tower
29:12 Scout Tower
29:13 Scout Tower
29:15 Scout Tower
29:15 Scout Tower
29:19 Guard Tower
29:20 Guard Tower
29:42 Arcane Vault
29:43 Guard Tower
30:28 Guard Tower
30:28 Guard Tower
30:34 Scout Tower
30:35 Scout Tower
30:36 Scout Tower
30:36 Scout Tower
31:01 Scout Tower
31:02 Scout Tower
31:02 Scout Tower
31:02 Scout Tower
31:32 Guard Tower
31:53 Town Hall
32:09 Scout Tower
32:10 Scout Tower
32:11 Scout Tower
32:11 Scout Tower
32:23 Guard Tower
33:51 Guard Tower
33:59 Guard Tower
36:30 Town Hall
36:34 Scout Tower
36:35 Scout Tower
36:35 Scout Tower
36:36 Scout Tower
36:36 Scout Tower
36:36 Scout Tower
36:37 Scout Tower
36:37 Scout Tower
36:38 Scout Tower
36:39 Scout Tower
36:39 Scout Tower
36:40 Scout Tower
36:40 Scout Tower
36:40 Scout Tower
36:40 Scout Tower
36:41 Scout Tower
36:41 Scout Tower
36:42 Scout Tower
37:41 Guard Tower
38:13 Guard Tower
39:07 Guard Tower
47:53 Town Hall
47:56 Scout Tower
47:56 Scout Tower
47:57 Scout Tower
47:57 Scout Tower
47:57 Scout Tower
47:58 Scout Tower
47:58 Scout Tower
47:58 Scout Tower
47:59 Scout Tower
47:59 Scout Tower
48:00 Scout Tower
48:00 Scout Tower
49:28 Guard Tower
50:05 Guard Tower
50:08 Guard Tower
51:44 Scout Tower
51:45 Scout Tower
51:46 Scout Tower
51:46 Scout Tower
51:46 Scout Tower
51:47 Scout Tower
51:48 Scout Tower
51:49 Scout Tower
51:49 Scout Tower
51:50 Scout Tower
51:50 Scout Tower
51:50 Scout Tower
51:57 Guard Tower
52:24 Guard Tower
52:27 Town Hall
53:13 Guard Tower
58:01 Town Hall
58:44 Farm
60:07 Scout Tower
60:08 Scout Tower
60:09 Scout Tower
60:10 Scout Tower
60:11 Scout Tower
60:41 Scout Tower
60:42 Scout Tower
60:43 Scout Tower
60:44 Scout Tower
60:44 Guard Tower
60:57 Scout Tower
60:58 Scout Tower
60:58 Scout Tower
60:59 Scout Tower
61:12 Guard Tower
61:14 Guard Tower
61:15 Scout Tower
61:16 Scout Tower
61:17 Scout Tower
61:17 Scout Tower
61:21 Town Hall
61:31 Guard Tower
62:54 Guard Tower
63:04 Guard Tower
» items
| Scroll of Regeneration | 3 | |
| Scroll of Town Portal | 7 | |
| Boots of Speed | 2 | |
| Staff of Sanctuary | 3 | |
| Orb of Fire | 1 | |
| Potion of Mana | 2 | |
18 total
team 4 (loser)
Night_Tiger02 (
teal | 25 APM | 54 actions | 02:12)
» actions
| Build / train | 10 | |
| Enter build submenu | 5 | |
| Right click | 8 | |
| Select / deselect | 27 | |
| Use ability | 4 | |
54 total
» units
» buildings
| Barracks | 1 | |
| Altar of Kings | 1 | |
| Farm | 2 | |
4 total
» build order
00:09 Barracks
00:13 Altar of Kings
00:48 Farm
01:38 Farm
team 5 (loser)
Arsinist1 (
purple | 30 APM | 8 actions | 00:16)
team 6 (loser)
UnLeAsH-Hell (
red | 57 APM | 3258 actions | 56:45)
5 Demon Hunter
3 Mana Burn
2 Evasion
7 Keeper of the Grove
3 Entangling Roots
3 Thorns Aura
1 Tranquility
6 Warden
3 Fan of Knives
2 Shadow Strike
1 Spirit of Vengeance
» actions
| Assign group hotkey | 51 | |
| Basic commands | 309 | |
| Build / train | 121 | |
| Enter build submenu | 23 | |
| Enter hero's abilities submenu | 18 | |
| Right click | 736 | |
| Select / deselect | 615 | |
| Select group hotkey | 1224 | |
| Use ability | 160 | |
3258 total
» units
| Wisp | 21 | |
| Huntress | 14 | |
| Dryad | 12 | |
| Druid of the Talon | 2 | |
| Goblin Zeppelin | 1 | |
| Druid of the Claw | 1 | |
| Mountain Giant | 9 | |
| Chimaera | 3 | |
| Archer | 7 | |
| Glaive Thrower | 2 | |
72 total
» upgrades
| Strength of the Moon | 3 | |
| Strength of the Wild | 3 | |
| Moon Armor | 3 | |
| Abolish Magic | 1 | |
| Druid of the Claw Training | 2 | |
| Druid of the Talon Training | 2 | |
| Hardened Skin | 1 | |
| Resistant Skin | 1 | |
| Mark of the Claw | 1 | |
| Corrosive Breath | 1 | |
| Reinforced Hides | 3 | |
| Upgrade Moon Glaive | 1 | |
| Mark of the Talon | 1 | |
| Vorpal Blades | 1 | |
24 total
» buildings
| Altar of Elders | 1 | |
| Moon Well | 8 | |
| Hunter's Hall | 1 | |
| Ancient of War | 1 | |
| Tree of Ages | 1 | |
| Ancient of Lore | 1 | |
| Tree of Eternity | 1 | |
| Ancient of Wind | 1 | |
| Chimaera Roost | 1 | |
| Tree of Life | 2 | |
| Ancient of Wonders | 1 | |
19 total
» build order
00:05 Altar of Elders
00:50 Moon Well
00:54 Moon Well
01:31 Hunter's Hall
01:55 Ancient of War
02:39 Moon Well
04:55 Tree of Ages
08:02 Ancient of Lore
08:44 Moon Well
10:16 Moon Well
10:33 Tree of Eternity
10:56 Ancient of Wind
11:11 Moon Well
15:25 Chimaera Roost
18:03 Tree of Life
18:43 Ancient of Wonders
18:52 Moon Well
18:52 Moon Well
30:19 Tree of Life
» items
Chat log
(00:05 / All) BEAR_AND: wow this fog
(00:13 / All) Night_Tiger02: ya
(00:26 / All) Night_Tiger02: never played this map b4
(00:26 / All) UnLeAsH-Hell: wow
(00:28 / All) BEAR_AND: me either
(00:58 / All) Night_Tiger02: when they leave there base stays rite?
(01:04 / All) UnLeAsH-Hell: yea
(01:06 / All) Night_Tiger02: k
(01:15 / All) Night_Tiger02: ugh my lag
(02:12 / All) UnLeAsH-Hell: wow teal
(02:14 / All) BEAR_AND: whatev
(38:58 / All) UnLeAsH-Hell: i hatye pussy towerwhores
(39:01 / All) BEAR_AND: quit noob
(39:08 / All) UnLeAsH-Hell: o yea imm the nub
(41:54 / All) UnLeAsH-Hell: Pink u going 2 do anything 2 help me kill this tower whoring nub
(42:06 / All) UnLeAsH-Hell: i just killed the majority of his armoy
(42:47 / All) UnLeAsH-Hell: yea
(42:52 / All) l_a_z_z_e_r: his army suck
(43:04 / All) UnLeAsH-Hell: no shit i destroyed his little shit army
(43:10 / All) l_a_z_z_e_r: hm
(44:09 / All) UnLeAsH-Hell: u get his southern base thats right next 2 u
(44:13 / All) UnLeAsH-Hell: ill get his northern
(44:33 / All) UnLeAsH-Hell: thats right
(50:19 / All) l_a_z_z_e_r: k fallow
(50:30 / All) l_a_z_z_e_r: lol
(50:38 / All) l_a_z_z_e_r: k
(51:16 / All) UnLeAsH-Hell: U bitch
(56:03 / All) BEAR_AND: lol
(56:15 / All) UnLeAsH-Hell: Ur horable blue
(56:26 / All) BEAR_AND: Lmoa
(56:27 / All) BEAR_AND: lmao
(56:33 / All) UnLeAsH-Hell: DO A 1 v 1 moron
(56:36 / All) UnLeAsH-Hell: ill beat ur ass
(56:41 / All) BEAR_AND: ok
(56:45 / All) BEAR_AND: now quit nobie
(57:04 / All) BEAR_AND: you and me pink
(62:31 / All) BEAR_AND: you should quit too
(62:43 / All) l_a_z_z_e_r: lol dotn think yoru good 1on1 that tactic suck ball
(62:47 / All) BEAR_AND: gahhahahahha 1v1?
(62:54 / All) l_a_z_z_e_r: and u got purp and teal base so O.O
(62:57 / All) BEAR_AND: 1v1?
(62:59 / All) BEAR_AND: 1v1?
(63:01 / All) BEAR_AND: 1v1?
(63:06 / All) l_a_z_z_e_r: AND U CHEKCED IN MY BASE TO MAKE YORU NOOB ROLFCOFTER
(63:10 / All) BEAR_AND: 1v1?
(63:10 / All) l_a_z_z_e_r: bye noob
(63:13 / All) BEAR_AND: 1v1?
(63:15 / All) l_a_z_z_e_r: k
(63:16 / All) l_a_z_z_e_r: coem
(63:18 / All) BEAR_AND: channel lljk
(63:27 / All) BEAR_AND: begone
(63:28 / All) l_a_z_z_e_r: no
(63:33 / All) l_a_z_z_e_r: canal clan cbs